 Dungeon Crawl Stone Soup version 0.25-a0-265-g7af84ae0ac (webtiles) character file.

Game seed: 14701840621478477793, levelgen mode: deterministic

3 MisterFreud the Chiller (level 1, 0/13 HPs)
             Began as a Human Wanderer on Dec 8, 2019.
             Slain by a gnoll
             ... wielding a +0 club
              (2 damage)
             ... on level 1 of the Dungeon.
             The game lasted 00:01:29 (158 turns).

MisterFreud the Chiller (Human Wanderer)             Turns: 158, Time: 00:01:30

Health: 0/13       AC:  3    Str: 12    XL:     1   Next: 55%
Magic:  2/2        EV: 12    Int: 10    God:
Gold:   14         SH:  0    Dex: 14    Spells: 1/2 levels left

rFire    . . .     SeeInvis .     - Unarmed
rCold    . . .     Gourm    .   (no shield)
rNeg     . . .     Faith    .   e - +0 leather armour
rPois    .         Spirit   .   (no helmet)
rElec    .         Reflect  .   (no cloak)
rCorr    .         Harm     .   (no gloves)
MR       .....                  (no boots)
Stlth    ++........             (no amulet)
HPRegen  0.04/turn              (no ring)
MPRegen  0.08/turn              (no ring)

@: no status effects
A: no striking features
a: no special abilities


You were on level 1 of the Dungeon.
You were not hungry.

You visited 1 branch of the dungeon, and saw 1 of its levels.

You collected 14 gold pieces.

Inventory:

Hand Weapons
 a - a +0 dagger
Missiles
 b - 2 throwing nets (quivered)
Armour
 e - a +0 leather armour (worn)
Scrolls
 c - a scroll of identify {unknown}
 d - a scroll of teleportation
 g - a scroll of remove curse {unknown}
 i - a scroll of fear {unknown}
Comestibles
 f - a ration
 h - 2 chunks of flesh


   Skills:
 - Level 2.0 Dodging
 - Level 2.0 Stealth
 + Level 1.1 Unarmed Combat
 + Level 1.1 Spellcasting
   Level 1.0 Summonings
 + Level 0.3 Transmutations
   Level 3.0 Ice Magic


You had one spell level left.
You knew the following spells:

 Your Spells              Type           Power        Failure   Level  Hunger
a - Beastly Appendage     Tmut           #.....       36%         1    ##.....

Your spell library contained the following spells:

 Spells                   Type           Power        Failure   Level  Hunger
 Spider Form              Tmut/Pois      #.........   77%         3    ####...


Dungeon Overview and Level Annotations

Branches:
Dungeon (1/15)

Altars:


Message History

You closely miss the gnoll. Your kick misses the gnoll.
The gnoll is lightly wounded.
The gnoll hits you with a +0 club.
You barely miss the gnoll.
The gnoll is lightly wounded.
The gnoll hits you with a +0 club.
* * * LOW HITPOINT WARNING * * *
Your talons disappear.
Things that are here:
a +0 club; a goblin skeleton You see here a bat corpse.
There is an escape hatch in the floor here.
Found a black potion.
A frilled lizard comes into view.
Found 2 boomerangs.
The frilled lizard hisses angrily.
Found a peridot ring.
A rat comes into view.
A goblin comes into view.
The gnoll hits you with a +0 club.
You die...

#######r#. #....=...g
#........# #......
#........# .....
#.......!# #.#.#
#........####.#.###
#........#........#
#..l...@.#........#
#..(...g.#....†...#
#######.##...%....######
###.....(.†.........
#..........#########
#....>.....# ####
##........## ####(..
#........# ##......
#........###....###


You could see a gnoll, a goblin (wandering), a frilled lizard and a rat
(sleeping).

Vanquished Creatures
  A ball python (D:1)
  A bat (D:1)
  A goblin (D:1)
  2 rats (D:1)
5 creatures vanquished.

Notes
Turn   | Place    | Note
-------+----------+-------------------------------------------
     0 | D:1      | MisterFreud the Human Wanderer began the quest for the Orb.
     0 | D:1      | MisterFreud set off with the following items: a +0 dagger,
                  | 2 throwing nets, a scroll of teleportation, a +0 leather
                  | armour, a ration; and the following spell memorised:
                  | Beastly Appendage; and the following spells available to
                  | memorise: Spider Form
     0 | D:1      | Reached XP level 1. HP: 13/13 MP: 2/2
   158 | D:1      | Slain by a gnoll

Levels and vault maps discovered:
D:1:      dpeg_arrival_snail, layout_basic, minmay_heptomino_w4

Action                   || total
-------------------------++-------
Melee: Unarmed           ||    18
       Kick              ||     1
 Cast: Beastly Appendage ||     1
Armor: Leather armour    ||     6
Dodge: Dodged            ||    10

Table legend:
 A = Non-vault XP
 B = Vault XP
 C = Vault XP percentage of total XP
 D = Non-vault monster count
 E = Vault monster count
 F = Vault count percentage of total count
                 A         B        C        D         E       F
            +---------+---------+-------+---------+---------+-------
      Total |       5 |       0 |   0.0 |       5 |       0 |   0.0
            +---------+---------+-------+---------+---------+-------
        D:1 |       5 |       0 |   0.0 |       5 |       0 |   0.0
            +---------+---------+-------+---------+---------+-------
